 Dungeon Crawl Stone Soup version 0.30-b1-2-g02819fbbbe (webtiles) character file.

Game seed: 1368125812993110070

(classic levelgen) 1032 EnegeticOcto the Chopper (level 8, -2/105 HPs)
             Began as a Minotaur Fighter on May 9, 2023.
             Was a Believer of Trog.
             Splashed by a jelly's acid (9 damage)
             ... on level 5 of the Dungeon.
             The game lasted 00:02:01 (3538 turns).

EnegeticOcto the Chopper (Minotaur Fighter)         Turns: 3538, Time: 00:02:02

Health: -2/105     AC:  8    Str: 24    XL:     8   Next: 3%
Magic:  7/7        EV:  9    Int:  5    God:    Trog [**....]
Gold:   204        SH:  5    Dex:  9    Spells: 7/7 levels left

rFire   . . .        a - +0 war axe
rCold   . . .        c - +0 buckler
rNeg    . . .        b - +0 scale mail
rPois   .            (helmet restricted)
rElec   .            (no cloak)
rCorr   .            (no gloves)
SInv    .            m - +0 pair of boots
Will    .....        (no amulet) Stlth
                     (no ring)
HPRegen 0.37/turn    (no ring)
MPRegen 0.10/turn

%: no passive effects
@: berserking, very quick
A: horns 2, retaliatory headbutt
a: Renounce Religion, Berserk, Trog's Hand


You were on level 5 of the Dungeon.
You worshipped Trog.
Trog was pleased with you.
You visited 1 branch of the dungeon, and saw 5 of its levels.

You collected 204 gold pieces.

Inventory:

Hand Weapons
 a - a +0 war axe (weapon)
Missiles
 j - a throwing net (quivered)
Armour
 b - a +0 scale mail (worn)
 c - a +0 buckler (worn)
 m - a +0 pair of boots (worn)
   (You found it on level 2 of the Dungeon)
Jewellery
 k - a ring of resist corrosion
   (You found it on level 2 of the Dungeon)
Wands
 p - a wand of roots (1) {@v2}
   (You took it off Blork the orc on level 4 of the Dungeon)
Scrolls
 e - a scroll of identify {@r1}
 f - 3 scrolls of enchant weapon
 g - 3 scrolls of enchant armour
 l - a scroll of summoning
 n - 3 scrolls of teleportation {@r3}
 o - a scroll of immolation
 u - a scroll of fear {unknown}
 v - a scroll of silence {unknown}
Potions
 d - 2 potions of might {@q3}
 h - 2 potions of cancellation
 i - 5 potions of curing {@q1}
 q - a potion of flight
 r - 2 potions of mutation
 s - 2 potions of ambrosia
 t - a potion of heal wounds {unknown}


   Skills:
 + Level 6.1 Fighting
 * Level 7.5 Axes
 + Level 6.1 Armour
 + Level 6.1 Shields


You had 7 spell levels left.
You didn't know any spells.
Your spell library was empty.

Dungeon Overview and Level Annotations

Branches:
Dungeon (5/15)
 Temple: D:4-7

Altars:
Trog
Uskayaw
Xom
Yredelemnul

Shops:
D:1 (   D:2 ?

Annotations:
D:5 1 runed translucent door


Innate Abilities, Weirdness & Mutations

You have a pair of horns on your head.
You reflexively headbutt those who attack you in melee.


Message History

The ufetubus is severely wounded.
You slash the white imp! You hit the black bear.
You completely miss the scorpion.
You feel sick.
The ufetubus hits you but does no damage.
The ufetubus barely misses you.
The white imp hits you but does no damage.
The black bear bites you! The black bear barely misses you.
The black bear claws you.
The scorpion stings you but does no damage.
You barely miss the white imp.
The white imp is severely wounded.
You closely miss the ufetubus. You barely miss the black bear.
You slash the scorpion!
You kill the scorpion!
Trog accepts your kill.
You feel sick. The ufetubus hits you. The ufetubus barely misses you.
The white imp misses you.
The black bear bites you but does no damage.
The black bear claws you. The black bear closely misses you.
The ufetubus closely misses you. You furiously retaliate!
You headbutt the ufetubus!
You kill the ufetubus!
Trog accepts your kill.
You barely miss the white imp. You headbutt the white imp.
The white imp is almost dead.
You hit the black bear.
You feel sick. The white imp puffs mist at you.
You block the white imp's attack. The black bear misses you.
You furiously retaliate!
You headbutt the black bear. You block the black bear's attack.
The black bear claws you. The hound barely misses you.
The white imp gestures at you.
The puff of frost hits you but does no damage.
The black bear bites you but does no damage.
The black bear claws you.
The black bear claws you but does no damage.
You are too injured to fight recklessly!
You are too injured to fight recklessly!
You are too injured to fight recklessly!
You are too injured to fight recklessly!
You are too injured to fight recklessly!
You are too injured to fight recklessly!
You are too injured to fight recklessly!
You are too injured to fight recklessly!
You are too injured to fight recklessly!
You are too injured to fight recklessly!
You barely miss the black bear.
The black bear is moderately wounded.
You closely miss the white imp. You miss the hound.
You feel sick. You block the hound's attack. The white imp gestures at you.
The puff of frost hits you. You block the hound's attack.
The black bear barely misses you. x2
The black bear claws you but does no damage.
You closely miss the black bear.
The black bear is moderately wounded.
You hit the jelly.
Your hands burn!
You slash the white imp!
You kill the white imp!
Trog accepts your kill.
You hit the hound.
You feel sick. The hound bites you but does no damage.
You block the black bear's attack. The black bear claws you.
The black bear claws you but does no damage.
The jelly misses you.
You have reached level 8!
You feel stronger.
You barely miss the black bear.
The black bear is moderately wounded.
You slash the jelly!
Your hands burn!
* * * LOW HITPOINT WARNING * * *
You slash the hound!
You kill the hound!
Trog accepts your kill.
You feel sick.
You are no longer poisoned.
The jelly hits you.
* * * LOW HITPOINT WARNING * * *
You are splashed with acid!
* * * LOW HITPOINT WARNING * * *
The black bear bites you but does no damage.
The black bear barely misses you. The black bear closely misses you.
You hit the black bear.
The black bear is moderately wounded.
You barely miss the jelly. You block the jelly's attack.
The black bear bites you but does no damage.
The black bear closely misses you.
The black bear claws you but does no damage.
A red film seems to cover your vision as you go berserk!
You feel yourself moving faster!
You feel mighty! The jelly barely misses you.
You block the black bear's attack.
The black bear claws you but does no damage.
The black bear barely misses you.
You slash the black bear! You headbutt the black bear!
You kill the black bear!
Trog accepts your kill.
You slash the jelly!
Your hands burn!
* * * LOW HITPOINT WARNING * * *
The jelly hits you.
* * * LOW HITPOINT WARNING * * *
You are splashed with acid!
You die...

###########
#.....<...# ###
#.........# #..
#.........#
#...#.........#
#..[#.........#
#.............#
#...†@.###..#.#
......†J..##..#.######
.......?...#.........#
...........#.#.......#
...........#.#.......#
...........#....######
...........#..#..#
.................#
...#.###.##


You could see a jelly.

Vanquished Creatures
  Sigmund (D:3)
  An ice beast (D:5)
  A sky beast (D:5)
  A black bear (D:5)
  A phantom (D:5)
  A bullfrog (D:4)
  Blork the orc (D:4)
  2 scorpions (D:5)
  A hound (D:5)
  Jessica (D:3)
  An iguana (D:4)
  Natasha (thrice) (D:3)
  2 orc wizards (D:4)
  Terence (D:3)
  A gnoll (D:1)
  3 adders
  A white imp (D:5)
  An ufetubus (D:5)
  2 worms
  A dart slug (D:4)
  13 orcs
  8 endoplasms
  6 giant cockroaches
  3 hobgoblins
  4 jackals (D:1)
  3 kobolds
  4 quokkas
  11 ball pythons
  5 bats
  3 frilled lizards
  2 goblins
  A jackal zombie (D:5)
  2 rats (D:1)
92 creatures vanquished.

Notes
Turn   | Place    | Note
-------+----------+-------------------------------------------
     0 | D:1      | EnegeticOcto the Minotaur Fighter began the quest for the
                  | Orb.
     0 | D:1      | Reached XP level 1. HP: 19/19 MP: 0/0
   150 | D:1      | Reached XP level 2. HP: 27/27 MP: 1/1
   179 | D:1      | Reached skill level 3 in Axes
   407 | D:1      | Reached XP level 3. HP: 29/33 MP: 2/2
   541 | D:1      | Found Suann's Antique Weapon Emporium.
   903 | D:2      | Found a shimmering altar of Xom.
  1086 | D:2      | Found Piok's Magic Scroll Boutique.
  1593 | D:3      | Noticed Sigmund
  1612 | D:3      | Killed Sigmund
  1613 | D:3      | Reached skill level 4 in Axes
  1613 | D:3      | Reached XP level 4. HP: 15/41 MP: 3/3
  1613 | D:3      | Reached XP level 5. HP: 17/47 MP: 4/4
  1798 | D:3      | Noticed Jessica
  1799 | D:3      | Noticed Natasha
  1803 | D:3      | Killed Jessica
  1804 | D:3      | Reached skill level 5 in Axes
  1812 | D:3      | Killed Natasha
  1813 | D:3      | Reached XP level 6. HP: 30/55 MP: 5/5
  1973 | D:3      | Noticed Natasha
  1979 | D:3      | Killed Natasha
  2082 | D:3      | Noticed Natasha
  2095 | D:3      | Killed Natasha
  2096 | D:3      | Reached skill level 5 in Fighting
  2096 | D:3      | Reached skill level 5 in Armour
  2096 | D:3      | Reached skill level 5 in Shields
  2169 | D:3      | Found a faded altar of an unknown god.
  2257 | D:3      | Noticed Terence
  2259 | D:3      | Killed Terence
  2287 | D:3      | Prayed at the altar of an unknown god.
  2287 | D:3      | Became a worshipper of Trog the Wrathful
  2287 | D:3      | Reached * piety under Trog
  2460 | D:4      | Noticed Blork the orc
  2471 | D:4      | Killed Blork the orc
  2675 | D:4      | Reached skill level 6 in Axes
  2794 | D:4      | Reached XP level 7. HP: 29/61 MP: 6/6
  3021 | D:4      | Identified the +7 war axe "Feakhlolunt" {pain, *Slow Fly
                  | rF++}
  3036 | D:4      | Reached ** piety under Trog
  3275 | D:5      | Entered Level 5 of the Dungeon
  3279 | D:5      | Found a hide-covered altar of Uskayaw.
  3346 | D:5      | Found a runed translucent door.
  3346 | D:5      | Noticed a human
  3360 | D:5      | Found a basalt altar of Yredelemnul.
  3366 | D:5      | Reached skill level 7 in Axes
  3535 | D:5      | Reached XP level 8. HP: 23/70 MP: 7/7
  3538 | D:5      | Splashed by a jelly's acid

Illustrated notes

Levels and vault maps discovered:
D:1:      sevenhm_arrival_forest_fort_small_6, layout_loops_cross, serial_shops,
          shop
D:2:      layout_loops_corners, basic_altar, serial_shops, shop,
          serial_park_tiny_1
D:3:      layout_rooms, gup_sewer_entry_bowl, shapermc_ecumenical_altar_petra,
          uniq_sigmund, uniq_natasha, uniq_terence, uniq_jessica
D:4:      layout_basic, kennysheep_generic_room_9, uniq_blork_the_orc
D:5:      cheibrodos_iron_armory, layout_rooms, dk_yredelemnul_ordeal,
          mainiacjoe_overflow_tiny_flanked

Skill      XL: |  1  2  3  4  5  6  7 |
---------------+----------------------+-----
Axes           | 3 4 5 6 7 |  7.5
Fighting       | 4 5 6 |  6.1
Armour         | 4 5 6 |  6.1
Shields        | 4 5 6 |  6.1

Action                     |  1- 3 |  4- 6 |  7- 9 || total
---------------------------+-------+-------+-------++-------
  Melee: War axe           |    92 |    83 |    62 ||   237
         Headbutt          |    13 |    10 |    10 ||    33
 Invoke: Berserk           |       |     1 |     1 ||     2
    Use: Scroll            |       |     6 |     3 ||     9
 Armour: Scale mail        |    28 |    51 |    52 ||   131
  Dodge: Dodged            |    26 |    33 |    43 ||   102
  Block: Buckler           |    17 |    20 |    21 ||    58
